 Dungeon Crawl Stone Soup version 0.26-a0-1079-g3a4175ecf3 (webtiles) character file.

Game seed: 17960795150551714342

157 Conn the Firebug (level 5, -5/28 HPs)
             Began as a Deep Elf Fire Elementalist on Dec 13, 2020.
             Slain by Sigmund
             ... wielding a +2 scythe of distortion
              (15 damage)
             ... on level 2 of the Dungeon on Dec 14, 2020.
             The game lasted 00:05:13 (2230 turns).

Conn the Firebug (Deep Elf Fire Elementalist)       Turns: 2230, Time: 00:05:21

Health: -5/28      AC:  2    Str:  5    XL:     5   Next: 15%
Magic:  9/13       EV: 13    Int: 21    God:
Gold:   68         SH:  0    Dex: 15    Spells: 1/12 levels left

rFire    + . .     SeeInvis .   (no weapon)
rCold    x . .     Faith    .   (no shield)
rNeg     . . .     Spirit   .   a - +0 robe
rPois    .         Reflect  .   (no helmet)
rElec    .         Harm     .   (no cloak)
rCorr    .         Rampage  .   (no gloves)
Will     +....                  (no boots)
Stlth    ++........             (no amulet)
HPRegen  0.09/turn              b - ring of willpower
MPRegen  0.13/turn              j - ring of fire

@: no status effects
A: no striking features
a: no special abilities


You were on level 2 of the Dungeon.
You visited 1 branch of the dungeon, and saw 2 of its levels.

You collected 68 gold pieces.

Inventory:

Armour
 a - a +0 robe (worn)
Jewellery
 b - a ring of willpower (left hand)
 j - a ring of fire (right hand)
 l - an uncursed ring of protection from cold
Scrolls
 c - a scroll of fear {unknown}
 d - a scroll of enchant armour {unknown}
 e - 3 scrolls of identify {unknown}
 f - a scroll of noise {unknown}
 h - a scroll of magic mapping {unknown}
 k - 2 scrolls of remove curse {unknown}
Potions
 g - a potion of degeneration {unknown}
 i - a potion of berserk rage {unknown}


   Skills:
 + Level 2.8 Dodging
 + Level 3.0 Stealth
 + Level 4.3 Spellcasting
 + Level 2.7 Conjurations
 + Level 4.8 Fire Magic


You had one spell level left.
You knew the following spells:

 Your Spells              Type           Power        Failure   Level
a - Foxfire               Conj/Fire      ####         2%          1
b - Conjure Flame         Conj/Fire      ####....     8%          3
c - Inner Flame           Hex/Fire       ###.....     13%         3
d - Sticky Flame          Conj/Fire      ####....     24%         4

Your spell library contained the following spells:

 Spells                   Type           Power        Failure   Level
 Fireball                 Conj/Fire      ####......   56%         5


Dungeon Overview and Level Annotations

Branches:
Dungeon (2/15)

Altars:

Annotations:
D:1 Terence
D:2 Sigmund


Message History

Confirm with . or Enter, or press ? or * to list all spells.
You feel a surge of power!
You conjure some foxfire!
The foxfire hits Sigmund.
Sigmund is heavily wounded.
Sigmund gestures wildly while chanting.
Sigmund flickers and vanishes!
Deactivating autopickup; reactivate with Ctrl-A.
The foxfire hits something! x2
You hear some strange, mumbled words.
A puff of flame appears from out of thin air!
The puff of flame hits you. You resist.
Casting: Foxfire (safe; 2% risk of failure)
Confirm with . or Enter, or press ? or * to list all spells.
Okay, then.
Casting: Foxfire (safe; 2% risk of failure)
Confirm with . or Enter, or press ? or * to list all spells.
You feel a surge of power!
You conjure some foxfire!
Something hits you!
Ouch! That really hurt!
Space warps horribly around you!
Ouch! That really hurt!
You die...

...# #..# ########..#
#.........# # #.#
##...(######## #! #.#
#...(g<.......
#.##.##......###...)÷
.###...§v.............##
.......@v{.....####...##
#######§#.#.............
###.#§..#.#..######..
#..##.#......# #..
#.#.#...#.#..# #####.
#.#..#.##.#..# #.# #.
##.#.##.##.#..##.#.##.
######....##.......#>#
#...
................#...##
##..


There were no monsters in sight!

Vanquished Creatures
  A bullfrog (D:2)
  4 gnolls (D:2)
  A worm (D:2)
  2 dart slugs (D:1)
  3 leopard geckos
  7 bats
  A giant cockroach (D:1)
  7 goblins
  7 hobgoblins
  2 jackals (D:1)
  A ball python (D:1)
  3 kobolds (D:1)
  7 rats
46 creatures vanquished.

Vanquished Creatures (others)
  164 foxfires
164 creatures vanquished.

Grand Total: 210 creatures vanquished

Notes
Turn   | Place    | Note
-------+----------+-------------------------------------------
     0 | D:1      | Conn the Deep Elf Fire Elementalist began the quest for the
                  | Orb.
     0 | D:1      | Reached XP level 1. HP: 10/10 MP: 6/6
   201 | D:1      | Reached XP level 2. HP: 15/15 MP: 5/8
   674 | D:1      | Reached XP level 3. HP: 19/19 MP: 7/9
  1318 | D:2      | Noticed Terence
  1558 | D:2      | Noticed a bullfrog
  1578 | D:2      | Killed a bullfrog
  1579 | D:2      | Reached XP level 4. HP: 6/24 MP: 9/12
  1838 | D:2      | Reached XP level 5. HP: 28/28 MP: 6/13
  1919 | D:2      | Noticed Sigmund
  2153 | D:2      | Learned a level 3 spell: Conjure Flame
  2157 | D:2      | Learned a level 3 spell: Inner Flame
  2162 | D:2      | Learned a level 4 spell: Sticky Flame
  2230 | D:2      | Slain by Sigmund

Illustrated notes

Levels and vault maps discovered:
D:1:      dpeg_arrival_subterranean_lakeside_camping, layout_loops_ring,
          minmay_ruptured
D:2:      layout_loops_ring, minmay_cut_off, uniq_sigmund, uniq_terence,
          uniq_robin

Skill      XL: |  1  2  3 |
---------------+----------+-----
Fire Magic     | 4 |  4.8
Stealth        | 3 |  3.0
Spellcasting   | 4 |  4.3
Conjurations   | 2 |  2.7
Dodging        | |  2.8

Action                   |  1- 3 |  4- 6 || total
-------------------------+-------+-------++-------
Melee: Unarmed           |     2 |       ||     2
 Cast: Foxfire           |    72 |    27 ||    99
  Use: Potion            |     1 |       ||     1
 Stab: Sleeping          |     1 |       ||     1
Armor: Robe              |     4 |     1 ||     5
Dodge: Dodged            |    16 |     8 ||    24

Table legend: (Time is in decaauts)
 A = Elapsed time spent in this place.
 B = Non-inter-level travel time spent in this place.
 C = Inter-level travel time spent in this place.
 D = Time resting spent in this place.
 E = Time spent auto-exploring this place.
 F = Levels seen in this place.
 G = Mean time per level.
                   A        B        C        D        E       F      G
               +--------+--------+--------+--------+--------+-----+--------+
         Total |   2242 |   2207 |     35 |    374 |   1030 |   2 | 1121.0 |
       Dungeon |   2242 |   2207 |     35 |    374 |   1030 |   2 | 1121.0 |
               +--------+--------+--------+--------+--------+-----+--------+

Top non-repeatable levels by time:
     D:1: 1636 daAuts
     D:2: 605 daAuts
